Map: Romanticide LE

Players

ByuN

  • Race: Terran Terran
  • Spawn Location: 11:00

Serral - Winner!

  • Race: Zerg Zerg
  • Spawn Location: 5:00

VOD

Have the link to the VOD?

Description

Time

  • Played on: Jan. 16, 2021, 10:20 a.m.
  • Length: 35:39
Show
View Real Time Build Order
Export as new Build Order

ByuN Terran 

Build Orders: Command Center First (CC) 

Get SALT Encoding   

  12  0:00  SCV  
  13  0:12  SCV  
  14  0:17  Supply Depot  
  14  0:24  SCV  
  15  0:38  SCV  
  16  0:51  SCV  
  17  0:58  Command Center  
  17  1:03  SCV  
  18  1:11  Barracks  
  18  1:15  SCV  
  19  1:25  Barracks  
  19  1:28  SCV  
  20  1:37  Barracks  
  20  1:42  SCV  
  20  1:46  Refinery  
  21  1:54  SCV  
  22  2:01  Marine  
  23  2:06  Orbital Command  
  23  2:12  Orbital Command  
  23  2:19  Marine x2  
  23  2:22  Refinery  
  25  2:25  Barracks Tech Lab  
  25  2:33  SCV  
  26  2:37  Marine  
  26  2:39  Marine  
  26  2:43  SCV  
  29  2:45  SCV, Marine  
  31  2:54  Stimpack  
  31  2:55  SCV  
  31  2:56  Marine  
  31  2:57  SCV, Marine  
  35  3:02  Supply Depot  
  35  3:03  Marine  
  36  3:08  SCV  
  36  3:10  SCV  
  38  3:14  Factory  
  38  3:21  Barracks Reactor  
  38  3:24  SCV x2, Marine  
  42  3:31  Supply Depot  
  42  3:32  Barracks Reactor  
  41  3:36  SCV x2  
  43  3:41  Marine  
  46  3:48  SCV x2  
  46  3:53  Supply Depot  
  46  4:00  SCV x2  
  46  4:01  Marine x3  
  46  4:02  Factory Reactor, Starport  
  51  4:09  Marine x2  
  53  4:12  SCV  
  53  4:15  SCV  
  55  4:17  Supply Depot  
  55  4:18  Marine  
  55  4:19  Marine  
  55  4:21  Supply Depot  
  55  4:23  Marine  
  58  4:24  SCV  
  58  4:27  SCV  
  58  4:29  Marine x2  
  62  4:35  Combat Shield  
  62  4:39  SCV x2, Marine x2  
  62  4:41  Marine  
  67  4:51  SCV x2  
  71  4:53  Supply Depot, Medivac  
  71  4:55  Supply Depot  
  71  4:56  Command Center  
  71  4:58  Marine x4  
  71  4:59  Marine  
  76  5:10  SCV x2  
  76  5:13  Refinery  
  78  5:15  Refinery  
  78  5:17  Marine x2  
  78  5:18  Marine x3  
  81  5:30  Medivac x2  
  81  5:33  Engineering Bay  
  81  5:34  Engineering Bay  
  85  5:37  SCV x2  
  85  5:42  Marine x3  
  88  5:43  Marine x2  
  88  5:44  Factory Tech Lab  
  88  5:49  SCV  
  94  5:50  SCV  
  94  6:00  Marine  
  94  6:06  Terran Infantry Weapons Level 1  
  94  6:07  Siege Tank, Marine x4  
  94  6:08  Terran Infantry Armor Level 1  
  101  6:18  SCV x2, Marine  
  104  6:25  Marine x4  
  105  6:30  SCV x2  
  107  6:36  Marine  
  108  6:40  Supply Depot  
  108  6:52  Marine x4  
  108  6:53  SCV x2  
  101  6:59  Marine  
  100  7:01  Siege Tank  
  100  7:05  SCV  
  100  7:06  SCV  
  100  7:08  Orbital Command  
  92  7:13  Armory  
  92  7:14  Marine x4  
  96  7:18  SCV x2, Marine  
  99  7:26  Barracks  
  99  7:27  Barracks  
  99  7:30  SCV x2  
  99  7:32  Marine x4  
  99  7:33  Siege Tank  
  99  7:35  SCV  
  109  7:42  Supply Depot  
  109  7:43  Supply Depot  
  109  7:44  Supply Depot, SCV x2, Marine  
  109  7:47  SCV  
  109  7:50  Marine x4  
  115  7:54  Refinery  
  115  7:56  Command Center, SCV  
  116  8:02  Marine  
  117  8:06  Siege Tank  
  117  8:07  Supply Depot, Marine  
  117  8:08  Marine x3  
  117  8:09  Supply Depot  
  124  8:14  SCV x3  
  124  8:19  Marine  
  126  8:25  Marine x2  
  126  8:26  Marine x2  
  124  8:27  Barracks Reactor  
  124  8:28  Barracks Reactor, Terran Infantry Armor Level 2, Terran Infantry Weapons Level 2  
  124  8:31  Factory  
  124  8:32  Refinery  
  124  8:33  Supply Depot  
  123  8:37  Marine  
  123  8:38  Terran Vehicle Weapons Level 1, SCV x3  
  127  8:43  Medivac x2, Marine  
  127  8:45  Sensor Tower  
  127  8:46  Marine  
  127  8:47  Missile Turret, Marine x2  
  135  8:50  SCV  
  135  8:51  Siege Tank  
  135  8:55  Marine  
  139  9:01  Marine  
  141  9:04  Marine x7  
  148  9:13  Supply Depot, Marine  
  149  9:20  Marine  
  149  9:22  Marine x6  
  149  9:23  Siege Tank  
  128  9:32  Marine x2  
  128  9:34  Medivac x2  
  128  9:37  Marine  
  126  9:39  Marine  
  126  9:40  Marine x5  
  126  9:42  Factory Tech Lab  
  126  9:44  SCV x3  
  129  9:48  Missile Turret  
  129  9:49  Marine  
  129  9:50  Marine  
  131  9:55  Siege Tank, Marine  
  131  9:57  Marine x2  
  137  10:01  Siege Tank  
  137  10:03  Marine x4  
  148  10:07  Liberator x2, Marine x2  
  148  10:10  SCV x2  
  148  10:13  Marine  
  150  10:15  Marine  
  150  10:17  Marine  
  150  10:21  Marine x4  
  154  10:24  SCV  
  154  10:25  SCV, Marine  
  154  10:26  Planetary Fortress  
  154  10:27  Siege Tank  
  162  10:32  Marine  
  162  10:33  Marine x2  
  162  10:34  Marine  
  166  10:38  SCV x3, Marine  
  166  10:39  Siege Tank  
  173  10:50  Marine  
  173  10:56  Marine  
  147  10:59  Siege Tank, Marine  
  147  11:00  Marine x3  
  147  11:02  Marine x2  
  147  11:03  Marine  
  145  11:07  Liberator x2  
  145  11:08  Marine  
  145  11:11  Siege Tank  
  155  11:14  Marine  
  155  11:15  Terran Infantry Armor Level 3  
  155  11:16  SCV x3  
  155  11:17  Marine  
  155  11:18  Marine x3  
  156  11:20  Marine x2  
  156  11:21  Marine  
  160  11:27  SCV  
  160  11:31  Siege Tank  
  159  11:35  Marine  
  159  11:36  Marine  
  144  11:40  Marine x3  
  144  11:42  Marine x2  
  144  11:43  Siege Tank  
  152  11:47  Terran Infantry Weapons Level 3  
  152  11:53  Liberator x2  
  158  11:54  Marine x3  
  158  11:55  Marine  
  162  12:03  Siege Tank  
  162  12:05  Marine  
  162  12:06  Marine x4  
  160  12:12  Marine x3  
  160  12:13  Marauder  
  160  12:15  Siege Tank, SCV x3  
  167  12:23  Marine x2  
  167  12:27  Barracks, SCV x2  
  167  12:28  Barracks x2  
  169  12:32  Marine  
  169  12:35  Siege Tank, Marine  
  169  12:36  Medivac x2, Marine x2  
  173  12:38  Marine  
  173  12:40  Marine x2  
  173  12:41  Marine x2  
  148  12:47  Siege Tank  
  148  12:50  Marine  
  152  12:53  Marine  
  152  12:54  Marine x2  
  152  12:55  Marine  
  152  12:57  Marine  
  152  12:58  Marine  
  158  12:59  SCV x3, Marine  
  158  13:04  Terran Vehicle Weapons Level 2  
  161  13:06  Medivac  
  161  13:07  Marine  
  161  13:08  Marine  
  161  13:11  Marine  
  161  13:12  Marine x2  
  168  13:13  Unknown  
  168  13:20  Barracks Tech Lab x3, Marine  
  168  13:25  Command Center  
  169  13:28  Medivac  
  169  13:30  Marine x4  
  169  13:31  Marine  
  169  13:32  Marine  
  177  13:36  Medivac  
  177  13:37  Marine  
  180  13:45  Supply Depot  
  180  13:48  Supply Depot  
  180  13:54  Supply Depot  
  180  13:55  Supply Depot  
  180  14:00  Missile Turret  
  180  14:02  Missile Turret  
  180  14:03  Missile Turret  
  180  14:07  Siege Tank x2  
  180  14:08  Marauder  
  180  14:09  Marine x2  
  193  14:10  Marauder x3  
  193  14:12  Marine x3  
  193  14:16  Marine  
  191  14:29  Marauder  
  191  14:30  Marine x3  
  158  14:31  Marauder x3  
  158  14:38  Marine x4  
  144  14:51  Marauder  
  139  14:55  Marine  
  139  14:56  Marauder, Marine x2  
  139  14:57  Medivac x2  
  148  15:00  Orbital Command  
  148  15:11  Concussive Shells  
  148  15:12  Marauder x2  
  152  15:18  Marine x8  
  160  15:23  Siege Tank x2  
  170  15:28  Marauder x2  
  170  15:40  Marine  
  170  15:41  Marauder, Marine x6  
  179  15:55  Siege Tank x2  
  185  16:00  Marine  
  164  16:07  Marine x5  
  164  16:08  Marauder, Marine  
  171  16:15  Supply Depot  
  171  16:19  Supply Depot x2  
  171  16:21  Supply Depot  
  171  16:26  Orbital Command  
  171  16:27  Siege Tank  
  171  16:28  Siege Tank  
  177  16:34  Medivac x2  
  177  16:37  Marauder x2, Marine  
  177  16:38  Marine x2  
  157  16:42  Marine  
  156  16:49  Marine x2  
  157  16:57  SCV x3  
  157  17:00  Siege Tank  
  163  17:04  Medivac x2  
  163  17:08  Marauder x4  
  175  17:09  SCV, Siege Tank  
  175  17:12  Terran Vehicle Weapons Level 3  
  175  17:14  Marine  
  175  17:15  Marine  
  181  17:18  Marine x3  
  184  17:32  Siege Tank  
  184  17:33  Ghost Academy  
  184  17:35  Marine x3  
  188  17:39  Medivac  
  188  17:40  Medivac  
  190  17:54  SCV x2  
  190  17:55  Missile Turret, SCV x2  
  190  17:58  Missile Turret  
  194  18:03  Command Center  
  194  18:04  Command Center  
  197  18:12  Ghost x4  
  191  18:17  Command Center  
  193  18:21  Siege Tank  
  196  18:34  Missile Turret x2  
  184  18:43  Siege Tank  
  179  18:51  Ghost x2  
  179  18:52  Ghost x2  
  179  18:53  Siege Tank  
  186  18:56  Neosteel Armor  
  186  19:00  Hi-Sec Auto Tracking  
  186  19:11  Missile Turret  
  186  19:14  Missile Turret  
  186  19:15  Missile Turret  
  186  19:17  Sensor Tower  
  185  19:24  Siege Tank  
  185  19:25  Siege Tank  
  191  19:40  Liberator  
  191  19:45  Orbital Command  
  194  19:50  Terran Vehicle And Ship Armor Level 1  
  194  19:51  Orbital Command  
  193  19:57  Siege Tank x2  
  191  20:07  Ghost x2  
  195  20:20  Refinery  
  195  20:21  Refinery  
  195  20:29  Siege Tank  
  195  20:31  Command Center  
  198  20:38  Missile Turret  
  198  20:49  Command Center x2  
  190  20:58  Siege Tank, Marine  
  190  20:59  Marine x5  
  190  21:01  Siege Tank  
  187  21:21  Missile Turret  
  187  21:24  Missile Turret x2  
  187  21:30  Siege Tank  
  190  21:33  Siege Tank  
  193  21:45  Planetary Fortress  
  193  21:47  Missile Turret  
  190  22:01  Missile Turret  
  188  22:02  Siege Tank  
  188  22:04  Planetary Fortress  
  188  22:05  Siege Tank  
  188  22:08  Missile Turret  
  194  22:10  Missile Turret  
  194  22:17  Planetary Fortress  
  194  22:19  Orbital Command  
  194  22:27  Terran Vehicle And Ship Armor Level 2  
  194  22:31  Missile Turret  
  194  22:34  Siege Tank  
  194  22:35  Ghost x2  
  195  22:37  Ghost, Siege Tank  
  199  22:52  Liberator  
  199  22:57  Fusion Core  
  199  22:58  Marine x6  
  196  23:06  Siege Tank  
  196  23:07  Refinery  
  196  23:08  Refinery  
  199  23:13  Missile Turret  
  199  23:16  Personal Cloaking  
  199  23:17  Missile Turret  
  199  23:18  Missile Turret  
  199  23:25  Viking  
  199  23:31  Missile Turret  
  199  23:34  Missile Turret  
  199  23:38  Command Center x2  
  199  23:44  Advanced Ballistics  
  199  23:46  Command Center  
  199  23:47  Starport  
  196  24:04  Viking x2  
  196  24:09  Missile Turret  
  200  24:10  Missile Turret  
  200  24:11  Barracks, Missile Turret  
  200  24:14  Sensor Tower  
  200  24:16  Command Center  
  200  24:20  Ghost  
  194  24:24  Ghost  
  191  24:43  Ghost  
  191  24:44  Marine x2  
  188  24:45  Marine  
  188  24:46  Marine x3  
  188  24:47  Marine x2  
  180  25:09  Ghost x3  
  180  25:14  Marine x9  
  195  25:30  Orbital Command  
  195  25:31  Orbital Command x2, Marine  
  195  25:32  Marine  
  197  25:39  Viking  
  192  25:52  Viking  
  192  25:53  Ghost  
  192  26:09  Viking  
  187  26:27  Liberator  
  182  26:39  Liberator  
  147  26:47  Ghost x2  
  147  26:52  Orbital Command  
  141  27:06  Siege Tank, Marine x2  
  141  27:07  Marine x4  
  137  27:20  Orbital Command, Refinery x2  
  137  27:28  Marine x10  
  147  27:30  Siege Tank  
  139  27:46  Siege Tank  
  139  27:48  Orbital Command, Marine x10  
  139  27:49  Marine  
  153  27:59  Orbital Command  
  146  28:16  Orbital Command  
  146  28:17  Siege Tank  
  146  28:18  Ghost x2  
  146  28:19  Marine x10  
  163  28:33  Missile Turret  
  163  28:34  Missile Turret  
  163  28:35  Missile Turret  
  163  28:36  Missile Turret, Marine  
  163  28:39  Orbital Command  
  164  28:52  Viking x2  
  162  28:58  Ghost  
  162  28:59  Ghost  
  164  29:04  Ghost  
  164  29:08  Marine  
  164  29:09  Marine x5  
  169  29:15  Marine  
  169  29:16  Marine x2  
  172  29:26  Marine  
  172  29:27  Ghost, Marine x3  
  171  29:32  Ghost  
  146  29:47  Ghost  
  146  29:48  Marine x9  
  157  29:56  Ghost  
  159  30:01  Marine  
  159  30:05  Marine  
  159  30:06  Marine x8  
  169  30:12  Missile Turret  
  169  30:14  Viking  
  169  30:16  Marine  
  169  30:19  Marine  
  173  30:23  Marine  
  173  30:26  Viking  
  173  30:37  Orbital Command  
  167  30:50  Ghost  
  166  30:57  Missile Turret  
  166  31:01  Sensor Tower  
  166  31:06  Ghost x3  
  170  31:20  Ghost  
  168  31:29  Medivac x2  
  159  31:33  Marine x8  
  150  31:47  Ghost  
  150  31:50  Marine x3  
  150  31:51  Marine x8  
  158  31:59  Viking x2  
  162  32:08  Marine  
  148  32:33  Siege Tank  
  148  32:34  Marine x2  
  148  32:35  Marine  
  153  32:45  Orbital Command  
  148  32:56  Orbital Command  
  132  33:03  Orbital Command  
  79  33:05  Medivac  
  78  33:36  Marine x4  
  78  33:37  Marine x4  
  78  33:40  Siege Tank  
  89  33:43  Siege Tank  
  92  33:57  Marauder  
  92  34:00  Marine x3  
  97  34:02  Marine  
  98  34:12  Siege Tank  
  98  34:15  Siege Tank  
  98  34:16  Marine x6  
  108  34:17  Orbital Command, Marauder  
  109  34:24  Marauder, Marine  
  109  34:25  Marine x3  
  110  34:35  Marauder x2  
  113  34:44  Siege Tank  
  116  34:47  Siege Tank  
  117  35:00  SCV x5  
  117  35:01  SCV x4  
  126  35:10  SCV  
  126  35:12  SCV x2  
Show
View Real Time Build Order
Export as new Build Order

Serral Zerg - Winner!

Build Orders: Hatch First 

Get SALT Encoding   

  12  0:00  Drone  
  13  0:12  Overlord  
  13  0:16  Drone  
  14  0:30  Drone x2  
  16  0:48  Hatchery  
  15  0:51  Drone  
  15  0:55  Drone  
  17  0:59  Drone  
  18  1:09  Extractor  
  17  1:14  Spawning Pool  
  17  1:17  Drone  
  17  1:20  Drone  
  18  1:27  Drone  
  19  1:38  Drone  
  20  1:49  Drone  
  21  2:00  Queen x2  
  25  2:01  Zergling x4  
  27  2:11  Overlord  
  27  2:12  Drone, Metabolic Boost  
  28  2:29  Hatchery  
  27  2:32  Drone  
  27  2:34  Drone  
  29  2:37  Drone  
  29  2:39  Drone  
  31  2:47  Queen  
  33  2:52  Overlord  
  33  2:57  Drone x2  
  34  3:00  Drone  
  34  3:04  Pneumatized Carapace  
  35  3:10  Drone  
  35  3:11  Drone  
  35  3:12  Drone  
  38  3:13  Drone  
  38  3:18  Overlord  
  39  3:21  Drone  
  39  3:22  Drone  
  41  3:29  Queen  
  43  3:35  Overlord  
  43  3:38  Drone x2  
  43  3:40  Drone  
  46  3:42  Queen  
  46  3:46  Zergling x2  
  46  3:47  Drone  
  46  3:48  Drone  
  51  3:50  Drone  
  51  3:51  Drone  
  53  3:57  Overlord  
  53  4:00  Zergling x2  
  53  4:01  Drone x3  
  57  4:08  Baneling Nest  
  56  4:13  Overlord  
  56  4:14  Queen  
  58  4:17  Zergling x2  
  58  4:18  Drone  
  58  4:19  Drone x2  
  58  4:21  Zergling x4  
  64  4:26  Overlord  
  64  4:27  Zergling x2  
  64  4:29  Overlord  
  65  4:33  Drone  
  65  4:34  Lair  
  65  4:36  Zergling x2  
  65  4:37  Drone  
  68  4:40  Zergling x2  
  68  4:44  Zergling x6, Extractor  
  68  4:45  Extractor  
  70  4:49  Overlord  
  70  4:50  Zergling x6  
  73  4:53  Baneling x4  
  73  4:57  Overlord  
  73  4:58  Drone x4  
  77  5:03  Drone  
  77  5:04  Queen  
  77  5:06  Drone  
  81  5:15  Drone x3  
  81  5:18  Drone  
  83  5:23  Evolution Chamber  
  83  5:24  Drone, Evolution Chamber  
  83  5:27  Zergling x4  
  83  5:28  Zergling x4, Overlord  
  86  5:30  Drone x4  
  86  5:32  Centrifical Hooks  
  86  5:34  Extractor  
  89  5:37  Overlord, Overseer  
  89  5:40  Zergling x4  
  89  5:43  Queen  
  89  5:47  Baneling x3  
  89  5:48  Zergling x2  
  92  5:53  Hatchery  
  92  5:54  Zergling x4  
  92  5:55  Zergling x2  
  94  5:57  Baneling x5  
  94  6:04  Drone x3  
  97  6:08  Zergling x10  
  97  6:11  Overlord  
  102  6:14  Overlord  
  102  6:19  Zergling x6  
  102  6:20  Zerg Melee Weapons Level 1  
  102  6:21  Zerg Ground Armor Level 1  
  103  6:33  Zergling x20  
  113  6:42  Zergling x6  
  113  6:44  Baneling x2  
  113  6:53  Zergling x12  
  93  7:02  Zergling x4  
  93  7:04  Zergling x2  
  93  7:06  Queen  
  93  7:07  Baneling  
  93  7:08  Zergling x4, Baneling  
  91  7:09  Baneling x6  
  91  7:13  Zergling x2  
  92  7:16  Drone  
  92  7:17  Hatchery  
  92  7:18  Zergling x14  
  92  7:19  Baneling  
  92  7:20  Baneling  
  92  7:22  Zergling x2  
  100  7:23  Queen x2  
  100  7:24  Queen  
  100  7:27  Zergling x6  
  100  7:29  Baneling  
  109  7:30  Baneling x3  
  109  7:36  Zergling x10  
  114  7:42  Zergling x10  
  119  7:47  Zergling x12  
  119  7:48  Zergling x2  
  126  7:52  Baneling x7  
  126  7:55  Overlord  
  126  7:59  Overlord  
  126  8:07  Zergling x4  
  126  8:10  Baneling  
  126  8:11  Baneling  
  126  8:12  Baneling x3  
  127  8:13  Baneling x2  
  127  8:17  Zerg Melee Weapons Level 2, Zerg Ground Armor Level 2  
  122  8:22  Drone x9  
  125  8:27  Drone x4  
  125  8:33  Overlord  
  129  8:34  Overlord x2  
  129  8:35  Drone  
  132  8:42  Zergling x8  
  134  8:50  Extractor  
  134  8:51  Infestation Pit  
  134  8:52  Drone x3  
  134  8:53  Drone  
  134  8:55  Zergling x4  
  138  8:58  Spore Crawler, Baneling x2  
  138  8:59  Hatchery, Baneling x2  
  138  9:01  Overlord  
  136  9:03  Zergling x8  
  140  9:12  Hydralisk Den  
  140  9:16  Spore Crawler  
  138  9:18  Baneling x12  
  138  9:20  Zergling x18  
  144  9:29  Zergling x2  
  144  9:30  Zergling x18  
  139  9:35  Zergling x6  
  139  9:36  Zergling x8  
  134  9:42  Baneling  
  134  9:43  Zergling x2, Baneling  
  134  9:44  Zergling x14  
  141  9:50  Baneling x3  
  141  9:52  Hive  
  141  9:59  Baneling x4  
  141  10:01  Drone  
  141  10:02  Extractor, Drone x3  
  141  10:03  Grooved Spines  
  144  10:10  Overlord  
  144  10:11  Zergling x2  
  144  10:12  Zergling x16  
  147  10:17  Baneling x4  
  147  10:18  Zergling x2  
  147  10:19  Zergling x4, Queen  
  152  10:22  Baneling x6  
  152  10:27  Zergling x14  
  158  10:40  Zerg Missile Weapons Level 1  
  158  10:41  Hydralisk x7  
  172  10:47  Baneling x4  
  172  10:54  Zergling x22  
  157  11:00  Zergling x2  
  157  11:01  Zergling x12  
  151  11:07  Viper  
  151  11:08  Adrenal Glands  
  154  11:11  Baneling x2  
  154  11:12  Zergling x2  
  154  11:13  Zergling x10  
  154  11:15  Muscular Augments  
  158  11:21  Zergling x18  
  164  11:27  Baneling x7  
  164  11:31  Zergling x14  
  166  11:39  Zergling x16  
  149  11:41  Baneling x5  
  149  11:47  Zergling x2  
  149  11:48  Zergling x12  
  149  11:51  Baneling x6  
  156  11:56  Hydralisk x2  
  156  12:01  Baneling x3  
  160  12:02  Zergling x8  
  159  12:11  Zergling x2  
  159  12:12  Zergling x18  
  165  12:18  Baneling x8  
  165  12:22  Zergling x12  
  168  12:30  Baneling x8  
  168  12:31  Baneling x3  
  151  12:38  Zergling x22  
  151  12:39  Zergling x2  
  137  12:45  Baneling x4  
  137  12:46  Zergling x12  
  143  12:54  Zergling x18  
  143  12:55  Zergling x2  
  143  12:58  Viper  
  153  13:11  Hydralisk x4  
  161  13:15  Baneling x10  
  161  13:19  Hatchery  
  160  13:21  Hydralisk x3  
  166  13:32  Drone x2  
  166  13:34  Zergling x2, Overlord  
  167  13:35  Zergling x14  
  175  13:44  Baneling x7  
  175  13:46  Baneling  
  175  13:47  Baneling  
  175  13:48  Zergling x18  
  184  13:53  Zergling x2  
  184  13:54  Zergling x8  
  189  13:57  Overlord  
  189  14:03  Baneling x11  
  189  14:06  Zergling x12  
  192  14:17  Baneling x6  
  192  14:19  Zergling x14  
  172  14:38  Drone x3  
  172  14:39  Drone  
  172  14:43  Zergling x44  
  183  14:49  Zergling x10  
  175  15:00  Drone  
  175  15:02  Zerg Missile Weapons Level 2, Zerg Ground Armor Level 3  
  175  15:03  Baneling x3  
  175  15:04  Baneling x9  
  175  15:06  Hydralisk  
  178  15:13  Hydralisk x2  
  178  15:14  Hydralisk x2  
  180  15:19  Lurker Den  
  185  15:26  Zergling x22  
  194  15:38  Zergling x12  
  200  15:43  Baneling x10  
  200  15:44  Baneling x3  
  200  15:45  Baneling  
  197  16:01  Zergling x2, Burrow  
  197  16:02  Zergling x18  
  196  16:05  Zergling x2  
  196  16:06  Zergling x16  
  196  16:10  Drone  
  199  16:14  Extractor  
  199  16:16  Baneling x17  
  198  16:20  Seismic Spines  
  198  16:22  Hatchery  
  192  16:29  Baneling x10  
  191  16:38  Zergling x42  
  184  16:43  Zergling x14  
  184  16:44  Zergling x2  
  185  16:50  Overlord  
  185  16:58  Extractor  
  185  16:59  Drone x2  
  185  17:00  Drone  
  187  17:06  Lurker x5  
  187  17:07  Lurker  
  193  17:10  Drone x2  
  193  17:11  Extractor x2, Drone  
  193  17:12  Spore Crawler, Drone x6  
  199  17:25  Lurker  
  190  17:40  Zergling x2  
  190  17:41  Zergling x20  
  199  17:45  Zerg Melee Weapons Level 3, Zerg Missile Weapons Level 3  
  194  17:51  Zergling x2  
  194  17:52  Zergling x8, Overseer x2  
  194  17:53  Overseer  
  199  18:04  Unknown  
  197  18:25  Viper  
  200  18:28  Baneling x6  
  199  18:35  Spine Crawler  
  199  18:38  Spore Crawler  
  178  18:43  Zergling x12  
  178  18:44  Zergling x36  
  185  18:51  Zergling x20  
  185  18:55  Nydus Network  
  194  19:03  Spire x2  
  194  19:05  Baneling x10  
  192  19:10  Spore Crawler  
  192  19:11  Spine Crawler, Drone x2  
  192  19:12  Drone x6  
  192  19:13  Zergling x2  
  199  19:17  Baneling x16  
  199  19:29  Hatchery  
  198  19:57  Pathogen Glands  
  198  20:05  Adaptive Talons  
  175  20:11  Zergling x2  
  175  20:12  Zergling x32  
  184  20:17  Zerg Flyer Weapons Level 1  
  184  20:18  Greater Spire  
  184  20:25  Zergling x30  
  199  20:50  Hatchery  
  199  20:54  Overlord  
  195  21:02  Viper  
  188  21:04  Overlord x3  
  188  21:10  Overlord  
  182  21:18  Nydus Canal  
  182  21:23  Corruptor x8  
  198  21:29  Spore Crawler x3  
  198  21:30  Extractor x2  
  198  21:31  Zerg Flyer Armor Level 1  
  193  21:33  Spore Crawler  
  193  21:35  Viper  
  193  21:37  Overseer  
  193  21:38  Overseer x2  
  195  21:47  Infestor x2  
  195  21:48  Neural Parasite  
  197  21:56  Infestor x2  
  199  22:08  Baneling x17  
  199  22:09  Baneling x11  
  199  22:15  Zerg Flyer Weapons Level 2  
  199  22:19  Hatchery  
  199  22:22  Extractor  
  197  22:23  Extractor  
  196  22:32  Brood Lord  
  197  22:55  Brood Lord  
  199  23:03  Brood Lord x6  
  199  23:04  Corruptor x2  
  199  23:13  Spore Crawler x2  
  199  23:14  Spore Crawler x2  
  199  23:17  Drone  
  196  23:20  Corruptor  
  198  23:33  Overseer x3  
  198  23:34  Zerg Flyer Armor Level 2  
  198  23:42  Overseer  
  198  24:20  Overseer  
  192  24:47  Infestor x4  
  200  25:13  Extractor  
  199  25:15  Extractor  
  199  25:18  Corruptor  
  195  25:42  Infestor x2  
  195  25:59  Brood Lord x2  
  174  26:51  Zergling x20  
  154  27:09  Viper x3  
  154  27:13  Corruptor x7  
  154  27:14  Corruptor x3  
  179  27:20  Drone x3  
  182  27:26  Zergling x24  
  182  27:27  Zergling x10  
  182  27:28  Baneling x15  
  199  27:33  Zerg Flyer Armor Level 3, Zerg Flyer Weapons Level 3  
  198  27:41  Zergling x10  
  199  27:54  Overlord  
  199  27:55  Overlord x2  
  191  27:59  Brood Lord x3  
  191  28:03  Spore Crawler x2  
  191  28:04  Spore Crawler  
  191  28:05  Spore Crawler  
  181  28:13  Brood Lord x2  
  181  28:14  Corruptor x4  
  181  28:18  Infestor x3  
  199  28:32  Hatchery  
  199  28:34  Hatchery  
  197  28:38  Overseer  
  189  29:04  Corruptor  
  189  29:05  Corruptor x2  
  189  29:08  Viper  
  198  29:11  Zergling x4  
  183  29:47  Brood Lord x3  
  183  29:48  Brood Lord  
  191  29:55  Zergling x22  
  200  30:15  Hatchery  
  200  30:19  Hatchery  
  198  30:23  Infestor  
  198  30:28  Infestor  
  200  30:41  Infestor x3  
  196  30:58  Overlord x2  
  196  31:11  Overseer  
  196  31:12  Zergling x2  
  197  31:27  Extractor, Spore Crawler  
  197  31:28  Extractor  
  188  31:37  Spore Crawler  
  177  31:48  Zergling x16  
  177  31:49  Zergling x14  
  192  31:55  Overseer  
  192  31:57  Overseer x3  
  192  32:01  Spore Crawler  
  192  32:02  Corruptor x3  
  192  32:03  Spore Crawler  
  192  32:04  Spore Crawler  
  189  32:35  Brood Lord x4  
  189  32:36  Corruptor x3  
  199  32:39  Baneling x3  
  153  33:03  Zergling x48  
  148  33:07  Zergling x12  
  142  33:15  Zergling x10  
  142  33:16  Zergling x6  
  142  33:18  Drone  
  142  33:19  Drone x2  
  149  33:20  Overlord  
  149  33:24  Brood Lord x3  
  155  33:27  Corruptor x2  
  155  33:28  Corruptor x2  
  155  33:31  Baneling x24  
  163  33:34  Baneling x13  
  163  33:35  Overseer x2  
  163  33:36  Hydralisk x8  
  179  33:43  Zergling x8  
  183  33:53  Baneling  
  183  33:54  Baneling x9  
  183  33:58  Infestor  
  183  33:59  Infestor  
  187  34:28  Zergling x2  
  187  34:30  Overlord x2  
  180  34:37  Zergling x24  
  188  34:44  Infestor  
  188  34:49  Zergling x24  
Tags
 
Add a new tag
Caveats
  • Supply blocks, unpowered buildings, or Contaminate may cause inaccurate times.
  • Supply counts are checked every 10 seconds.